AoeStats
← Der Sprudel

Arena

505709598Analyzed
4v4 RM · 21d ago on Sep 10, 2026· 49m 59s· 8 players
Game mode
Random Map
Map size
Large (8 player)
Population
200
Speed
Normal
Resources
Standard
Victory
Conquest
Starting age
Dark Age
Ending age
Imperial Age
RankedLock teamsTeams togetherTeam positionsShared explorationLock speedFull tech treeHidden civsTurbo modeCheats
Victory
Defeat
🇩🇪 Lithuanians · Germany
1396
+12
🇩🇪 Persians · Germany
1285
+16
🇩🇪 Turks · Germany
1253
+18
🇮🇹 Bohemians · Italy
1195
+20
🇦🇷 Khmer · Argentina
1333
-18
🇩🇰 Khitans · Denmark
1304
-17
🇩🇰 Turks · Denmark
1282
-16
🇩🇪 Italians · Germany
1252
-15
Doctorbonus
8:46 Loom
10:41 Feudal Age
14:35 Castle Age
12:25 Domestication
13:03 Double-Bit Axe
15:30 Pastoralism
17:59 Loom
21:02 Town Watch
22:34 Fortified Wall
23:25 Treadmill Crane
24:03 Stone Mining
25:46 Ballistics
26:23 Wheelbarrow
27:54 Bow Saw
29:00 Scale Mail Armor
29:53 Squires
31:25 Forging
33:18 Chain Mail Armor
36:00 Imperial Age
33:47 Hand Cart
34:11 Arson
35:46 Scale Barding Armor
36:40 Husbandry
36:09 Heavy Camel Rider
37:10 Chain Barding Armor
37:13 Conscription
37:00 Ordo Cavalry
37:00 Gold Mining
37:46 Stone Shaft Mining
37:10 Fletching
39:07 Chemistry
38:53 Plate Barding Armor
39:53 Transhumance
40:24 Two-Man Saw
41:21 Iron Casting
41:49 Guilds
42:30 Elite Skirmisher
43:12 Padded Archer Armor
43:10 Bodkin Arrow
43:36 Lamellar Armor
44:14 Bracer
44:14 Padded Archer Armor
44:34 Masonry
45:22 Light Cavalry
46:35 Leather Archer Armor
47:51 Ring Archer Armor
Muff
12:46 Feudal Age
17:00 Castle Age
14:54 Double-Bit Axe
15:22 Gold Mining
21:44 Imperial Age
20:29 Fervor
23:50 Redemption
24:03 Sanctity
27:52 Wheelbarrow
27:03 Loom
31:11 Stone Mining
31:51 Hand Cart
38:03 Town Watch
39:31 Artillery
39:51 Conscription
46:54 Bow Saw
46:27 Horse Collar
46:50 Town Patrol
48:21 Fletching
niColaus
5:05 Loom
10:25 Feudal Age
14:18 Castle Age
12:40 Double-Bit Axe
12:37 Horse Collar
15:13 Bow Saw
16:26 Scale Barding Armor
16:37 Forging
16:48 Bloodlines
24:18 Scale Barding Armor
24:41 Gold Mining
26:42 Town Watch
28:02 Husbandry
31:39 Chain Barding Armor
34:02 Fletching
MatRm10
9:41 Feudal Age
12:12 Loom
14:50 Castle Age
15:40 Double-Bit Axe
15:38 Horse Collar
19:06 Gold Mining
21:03 Bloodlines
23:44 Scale Barding Armor
25:22 Wheelbarrow
25:18 Forging
26:50 Husbandry
27:07 Hand Cart
27:34 Gold Shaft Mining
27:29 Chain Barding Armor
27:38 Bow Saw
28:16 Stone Mining
28:27 Heavy Plow
30:58 Iron Casting
31:56 Fletching
35:06 Imperial Age
34:13 Bodkin Arrow
35:27 Elite Battle Elephant
36:44 Plate Barding Armor
37:22 Light Cavalry
38:51 Stone Shaft Mining
39:17 Conscription
39:01 Tusk Swords
40:09 Conscription
41:50 Blast Furnace
40:59 Arson
41:15 Scale Mail Armor
43:57 Crop Rotation
44:41 Double Crossbow
46:00 Chemistry
45:13 Capped Ram
45:23 Heavy Scorpion
47:54 Ballistics
50:01 Siege Engineers
50:07 Fortified Wall
orangefaser
9:52 Feudal Age
14:25 Castle Age
12:49 Double-Bit Axe
16:00 Bow Saw
21:38 Wheelbarrow
24:14 Scale Barding Armor
24:20 Forging
24:20 Gold Mining
25:36 Bloodlines
31:37 Imperial Age
29:16 Husbandry
29:39 Chain Barding Armor
32:07 Iron Casting
32:00 Cavalier
33:23 Plate Barding Armor
36:12 Hand Cart
35:42 Loom
35:53 Stone Mining
35:52 Horse Collar
37:18 Heavy Plow
38:49 Paladin
41:10 Scale Mail Armor
42:13 Conscription
42:01 Squires
41:23 Pikeman
42:47 Stone Shaft Mining
42:42 Chain Mail Armor
42:23 Halberdier
45:22 Tower Shields
46:24 Light Cavalry
48:46 Two-Man Saw
48:59 Winged Hussar
Ghost
12:22 Feudal Age
13:41 Loom
16:26 Castle Age
14:31 Double-Bit Axe
15:28 Horse Collar
15:43 Stone Mining
17:39 Bow Saw
26:27 Imperial Age
28:11 Wheelbarrow
27:39 Padded Archer Armor
29:22 Town Watch
29:53 Hand Cart
40:02 Ballistics
40:50 Fletching
43:35 Two-Man Saw
43:25 Leather Archer Armor
43:55 Gold Mining
43:37 Elite Janissary
44:56 Bombard Tower
45:36 Gold Shaft Mining
45:35 Conscription
48:11 Bloodlines
48:02 Husbandry
48:30 Heavy Plow
49:09 Masonry
50:21 Fortified Wall
50:43 Architecture
51:12 Hoardings
Der Sprudel
10:38 Feudal Age
14:15 Castle Age
12:36 Double-Bit Axe
15:51 Bow Saw
15:42 Horse Collar
20:58 Loom
20:59 Town Watch
22:02 Wheelbarrow
23:15 Scale Barding Armor
27:03 Forging
28:20 Gold Mining
28:56 Chain Barding Armor
28:41 Husbandry
28:51 Bloodlines
29:12 Hand Cart
30:36 Heavy Plow
30:33 Stone Mining
33:51 Iron Casting
35:48 Imperial Age
33:57 Padded Archer Armor
37:09 Two-Man Saw
36:47 Plate Barding Armor
35:43 Cavalier
37:29 Blast Furnace
38:05 Devotion
39:21 Chemistry
38:52 Savar
40:37 Gold Shaft Mining
40:43 Light Cavalry
42:21 Conscription
47:49 Hussar
Dagoth_Ur
10:19 Feudal Age
15:32 Castle Age
14:08 Double-Bit Axe
14:15 Loom
20:40 Bow Saw
20:47 Horse Collar
33:17 Imperial Age
31:57 Pikeman
32:38 Squires
35:06 Chemistry
35:56 Wheelbarrow
36:14 Fletching
36:27 Padded Archer Armor
38:15 Two-Man Saw
37:18 Heavy Plow
38:04 Leather Archer Armor
40:01 Fervor
40:28 Hand Cart
40:55 Ring Archer Armor
43:34 Halberdier
44:16 Scale Mail Armor
44:27 Forging
49:49 Siege Engineers
50:36 Iron Casting
50:17 Chain Mail Armor
Connection lost

Rejoining the realm…

Still unreachable

The connection could not be restored.

Session expired

The server has moved on; the page needs a fresh start.